 Dungeon Crawl Stone Soup version 0.17-a0-1719-g1afd5a1 (console) character file.

28 Monkaria the Scratcher (level 3, 0/17 HPs)
             Began as a Felid Berserker on Aug 27, 2015.
             Was a Believer of Trog.
             Slain by an adder (5 damage)
             ... on level 2 of the Dungeon.
             The game lasted 00:01:17 (1091 turns).

Monkaria the Scratcher (Felid Berserker)            Turns: 1091, Time: 00:01:17

Health: 0/17       AC:  1    Str: 14    XL:     3   Next: 0%
Magic:  4/4        EV: 19    Int:  8    God:    Trog [**....]
Gold:   82         SH:  0    Dex: 15    Spells: 0 memorised, 2 levels left
                                        Lives:  0   Deaths: 0

rFire  . . .     SeeInvis +       - Unarmed
rCold  . . .     Clarity  .     (armour unavailable)
rNeg   . . .     SustAt   .     (shield unavailable)
rPois  .         Gourm    .     (helmet unavailable)
rElec  .         Spirit   .     (cloak unavailable)
rCorr  .         Warding  .     (gloves unavailable)
rMut   .         Stasis   .     (boots unavailable)
MR     ++...                    (no amulet)
Stlth  ++........               (no ring)
                                b - ring of wizardry

@: lethally poisoned (0 -> 0), regenerating, quick, very resistant to hostile
enchantments, unstealthy
A: no armour, no weapons or thrown items, claws 1, fangs 3, see invisible,
carnivore 3, speed 1, shaggy fur 1, slow metabolism 1, sharp paws
a: Burn Spellbooks, Berserk, Trog's Hand, Renounce Religion


You were on level 2 of the Dungeon.
You worshipped Trog.
Trog was pleased with you.
You were very full.

You visited 1 branch of the dungeon, and saw 2 of its levels.

You collected 82 gold pieces.

Inventory:

Jewellery
 b - a ring of wizardry (left paw)
Scrolls
 c - 2 scrolls of teleportation {unknown}
 d - 2 scrolls of identify {unknown}
 e - a scroll of remove curse {unknown}
 f - 2 scrolls of recharging {unknown}
 h - a scroll of fear {unknown}
 j - a scroll of amnesia {unknown}
 l - a scroll of magic mapping {unknown}
Potions
 g - 2 potions of curing {unknown}
 i - a potion of brilliance {unknown}
Comestibles
 a - 2 meat rations
 k - a slice of pizza
 m - 5 chunks of flesh


   Skills:
 - Level 3.0 Fighting
 - Level 4.0 Dodging
 + Level 4.2 Unarmed Combat


You had 2 spell levels left.
You didn't know any spells.

Dungeon Overview and Level Annotations

Branches:
Dungeon (2/15)

Altars:


Innate Abilities, Weirdness & Mutations

You cannot wear armour.
You are incapable of wielding weapons or throwing items.
You have sharp claws.
You have razor-sharp teeth.
You have supernaturally acute eyesight.
You are carnivorous and can eat meat at any time.
You cover ground quickly.
You are covered in fur (AC +1).
You have a slow metabolism.
Your sharp claws are effective at attacking unaware monsters.


Message History

The adder is moderately wounded.
The adder completely misses you. The adder misses you.
You barely miss the adder.
The adder is moderately wounded.
The adder misses you.
You miss the adder.
The adder is moderately wounded.
The adder bites you.
* * * LOW HITPOINT WARNING * * *
You are lethally poisoned!
The adder poisons you!
You closely miss the adder.
The adder is moderately wounded.
* * * LOW HITPOINT WARNING * * *
You feel sick. The adder barely misses you.
Use which ability? (? or * to list)
Your skin crawls.
You feel resistant to hostile enchantments.
You feel slightly less full. The adder bites you.
You die...

#####...####### #.#
##.. #....)###### #.#
##. #.#........## #.#
#..
#.#..####...########.#
#..
#.#..####.........>..#
#..
#.#........<##########
##. #.#.######.## #.
#.#.# #.######## #.
#.#.# #..@S....# #.
#.# #.####.#.# #. #.#
...# #. ##### #. #. ##
##### ##..)## #.....#


You could see an adder.

Vanquished Creatures
  5 bats
  A giant cockroach (D:2)
  5 hobgoblins
  3 kobolds
  A ball python (D:2)
  5 goblins
  A quokka (D:2)
  4 rats
25 creatures vanquished.

Notes
Turn   | Place    | Note
--------------------------------------------------------------
     0 | D:1      | Monkaria the Felid Berserker began the quest for the Orb.
     0 | D:1      | Reached XP level 1. HP: 10/10 MP: 2/2
   369 | D:1      | Reached XP level 2. HP: 12/14 MP: 3/3
   816 | D:2      | Acquired Trog's second power
  1046 | D:2      | Reached XP level 3. HP: 17/17 MP: 4/4
  1091 | D:2      | Slain by an adder

Vault maps used:
D:1:      nicolae_arrival_somewhat_less_tricky_arrival

Action                   || total
-------------------------++-------
Melee: Unarmed           ||    69
Invok: Trog's Hand       ||     1
 Stab: Sleeping          ||     3
  Eat: Chunk             ||     7
